 Dungeon Crawl Stone Soup version 0.25-a0-1133-g93ebf73 (console) character file.

Game seed: 1107228610720260137, levelgen mode: deterministic

134 HarryHood the Cudgeler (level 5, -3/32 HPs)
             Began as a Gargoyle Berserker on May 16, 2020.
             Was a Believer of Trog.
             Slain by Sigmund
             ... wielding a +0 scythe
              (4 damage)
             ... on level 2 of the Dungeon on May 23, 2020.
             The game lasted 00:11:56 (1788 turns).

HarryHood the Cudgeler (Gargoyle Berserker)         Turns: 1788, Time: 00:11:57

Health: -3/32      AC: 10    Str: 20    XL:     5   Next: 17%
Magic:  5/5        EV: 10    Int:  8    God:    Trog [**....]
Gold:   44         SH:  0    Dex: 10    Spells: 4/4 levels left

rFire    . . .     SeeInvis .   a - +0 flail
rCold    . . .     Gourm    .   (no shield)
rNeg     + . .     Faith    .   f - +0 scale mail
rPois    ∞         Spirit   .   (no helmet)
rElec    +         Reflect  .   (no cloak)
rCorr    .         Harm     .   (no gloves)
MR       .....                  (no boots)
Stlth    ..........             (no amulet)
HPRegen  0.10/turn              (no ring)
MPRegen  0.09/turn              (no ring)

@: no status effects
A: negative energy resistance 1, electricity resistance, unbreathing,
petrification resistance, rot immunity, AC +4
a: Berserk, Trog's Hand, Renounce Religion


You were on level 2 of the Dungeon.
You worshipped Trog.
Trog was pleased with you.
You were not hungry.

You visited 1 branch of the dungeon, and saw 2 of its levels.

You collected 44 gold pieces.

Inventory:

Hand Weapons
 a - a +0 flail (weapon)
 b - a +0 hunting sling
 l - a +0 mace
Missiles
 c - 21 sling bullets
 d - 7 stones (quivered)
Armour
 f - a +0 scale mail (worn)
Jewellery
 i - an uncursed ring of see invisible {unknown}
Scrolls
 h - a scroll of fear {unknown}
Potions
 g - a potion of flight {unknown}
 j - a potion of cancellation {unknown}
 k - a potion of curing {@q2}
Comestibles
 e - 3 rations {@e1}


   Skills:
 - Level 3.2 Fighting
 * Level 5.7 Maces & Flails
 - Level 2.1 Armour
 - Level 1.5 Dodging


You had 4 spell levels left.
You didn't know any spells.
Your spell library was empty.

Dungeon Overview and Level Annotations

Branches:
Dungeon (2/15)

Altars:

Annotations:
D:2 Sigmund


Innate Abilities, Weirdness & Mutations

You are resistant to torment.
Your stone body is resilient. (AC +4)
You are immune to poison.
You resist negative energy. (rN+)
You are resistant to electric shocks. (rElec)
You can survive without breathing.
You are immune to petrification.
You are immune to rotting.


Message History

You barely miss the bat. The bat barely misses you.
The bat hits you but does no damage. Something hits you but does no damage.
The bat hits you but does no damage. x2
You hear some strange, mumbled words.
A magic dart appears from out of thin air!
The magic dart hits you but does no damage.
You miss the bat. The bat barely misses you. x2
Something hits you but does no damage.
You miss something. The bat hits you but does no damage.
The bat closely misses you. Something hits you.
* * * LOW HITPOINT WARNING * * *
You take 2 damage, and have 8/32 hp.
You miss something. The bat hits you but does no damage. x2
You hit something but do no damage. The bat closely misses you.
Something hits you!
* * * LOW HITPOINT WARNING * * *
You take 8 damage, and have 1/32 hp.
MASSIVE DAMAGE!!
You barely miss something. The bat hits you but does no damage.
Something hits you.
You die...

#...../..........#
.####)##.#####...#
.##.#.##.# #...#
.##.#.##.#####$..####.{
...[...................#
.##.#.##.######†.#.....#
.......#.# #..#...!.#
.........# #b.#.....#
..#.#..### #{@#.....#
..#.#..# #..#.....#
.......# #.........
÷......########...#+###.#
..#.#....................
.........................
................!........
..#.#...######...##.#####
.##.#...# #...# ..#


You could see a bat.

Vanquished Creatures
  Natasha (thrice) (D:2)
  A gnoll (D:1)
  An adder (D:2)
  A dart slug (D:1)
  5 bats
  4 giant cockroaches
  4 goblins
  3 hobgoblins
  5 kobolds (D:1)
  2 quokkas (D:2)
  A ball python (D:1)
  3 frilled lizards (D:1)
  7 rats
40 creatures vanquished.

Notes
Turn   | Place    | Note
-------+----------+-------------------------------------------
     0 | D:1      | HarryHood the Gargoyle Berserker began the quest for the
                  | Orb.
     0 | D:1      | Reached XP level 1. HP: 14/14 MP: 1/1
   188 | D:1      | Reached XP level 2. HP: 15/19 MP: 2/2
   428 | D:1      | Reached skill level 4 in Maces & Flails
   526 | D:1      | Reached ** piety under Trog
   526 | D:1      | Reached XP level 3. HP: 23/23 MP: 3/3
  1263 | D:2      | Reached XP level 4. HP: 28/28 MP: 4/4
  1273 | D:2      | Noticed Natasha
  1281 | D:2      | Killed Natasha
  1281 | D:2      | Reached skill level 5 in Maces & Flails
  1286 | D:2      | Noticed Natasha
  1296 | D:2      | Killed Natasha
  1485 | D:2      | Noticed Natasha
  1499 | D:2      | Killed Natasha
  1499 | D:2      | Reached XP level 5. HP: 7/32 MP: 5/5
  1742 | D:2      | Upgraded the game from 0.25-a0-1114-g48d22fd to
                  | 0.25-a0-1133-g93ebf73
  1754 | D:2      | Noticed Sigmund
  1787 | D:2      | HP: 1/32 [something (8)]
  1788 | D:2      | Slain by Sigmund

Illustrated notes

Levels and vault maps discovered:
D:1:      erik_arrival_blinker_ship, layout_basic, hangedman_glass_teeth
D:2:      layout_basic, minmay_randomly_rotated_circles, uniq_natasha,
          uniq_sigmund

Skill      XL: |  1  2  3  4 |
---------------+-------------+-----
Maces & Flails | 4 5 |  5.7
Fighting       | |  3.2
Armour         | |  2.1
Dodging        | |  1.5

Action                   |  1- 3 |  4- 6 || total
-------------------------+-------+-------++-------
Melee: Mace              |    91 |       ||    91
       Flail             |    22 |    37 ||    59
  Use: Scroll            |     2 |       ||     2
  Eat: Chunk             |     1 |     2 ||     3
Armor: Ring mail         |    34 |       ||    34
       Animal skin       |     1 |       ||     1
       Scale mail        |    36 |    35 ||    71
Dodge: Dodged            |    68 |    28 ||    96

Table legend:
 A = Non-vault XP
 B = Vault XP
 C = Vault XP percentage of total XP
 D = Non-vault monster count
 E = Vault monster count
 F = Vault count percentage of total count
                 A         B        C        D         E       F
            +---------+---------+-------+---------+---------+-------
      Total |     157 |      35 |  18.2 |      39 |       1 |   2.5
            +---------+---------+-------+---------+---------+-------
        D:1 |      62 |       0 |   0.0 |      29 |       0 |   0.0
        D:2 |      95 |      35 |  26.9 |      10 |       1 |   9.1
            +---------+---------+-------+---------+---------+-------
